 Dungeon Crawl Stone Soup version 0.18-a0-1372-gd644665 (webtiles) character file.

8228 M4edhros the Martial Artist (level 11, -9/67 HPs)
             Began as an Octopode Monk on Feb 22, 2016.
             Was a High Priest of Zin.
             Mangled by a wraith (14 damage)
             ... led by Josephine
             ... on level 10 of the Dungeon.
             The game lasted 00:21:51 (11395 turns).

M4edhros the Martial Artist (Octopode Monk)        Turns: 11395, Time: 00:21:51

Health: -9/67      AC:  1    Str: 18    XL:     11   Next: 27%
Magic:  15/15      EV: 15    Int: 15    God:    Zin [*****.]
Gold:   372        SH: 13    Dex: 21    Spells: 1 memorised, 8 levels left

rFire  . . .     SeeInvis .       - Unarmed
rCold  . . .     Gourm    .     c - +0 shield
rNeg   . . .     Faith    .     (helmet restricted)
rPois  ∞         Spirit   .     (no amulet)
rElec  .         Dismiss  .     r - ring of sustain attributes
rCorr  +         Reflect  .     B - +2 ring of dexterity
SustAt +         Harm     .     C - ring of protection from magic
MR     +....                    A - ring of resist corrosion
Stlth  ++++......               (no ring)
                                (no ring)
                                (no ring)
                                (no ring)

@: mighty, vitalised, very slightly contaminated, slowed, very slow, somewhat
resistant to hostile enchantments, stealthy
A: almost no armour, amphibious, 8 rings, constrict 8, camouflage 1, gelatinous
body 1
a: Recite, Vitalisation, Imprison, Sanctuary, Donate Gold, Renounce Religion


You were on level 10 of the Dungeon.
You worshipped Zin.
Zin was extremely pleased with you.
You were not hungry.

You visited 1 branch of the dungeon, and saw 10 of its levels.
You also visited: Sewer and Ossuary.

You collected 413 gold pieces.
You donated 41 gold pieces to Zin.

Inventory:

Hand Weapons
 e - a +4 hunting sling
 o - a +0 blowgun
 v - a +0 flail of protection
Missiles
 i - 308 stones (quivered)
 l - 87 sling bullets
 E - 10 poisoned needles
 L - 3 javelins
 M - 5 curare-tipped needles
Armour
 c - a +0 shield (worn)
Jewellery
 r - a ring of sustain attributes (left tentacle)
 A - a ring of resist corrosion (on tentacle)
 B - a +2 ring of dexterity (right tentacle)
 C - a ring of protection from magic (on tentacle)
Wands
 n - a wand of polymorph (12/24)
 D - a wand of enslavement (12/24)
 F - a wand of acid (9/15)
 G - a wand of flame (1/48)
 J - a wand of slowing (21/48)
 N - a wand of disintegration (5/24)
 O - a wand of flame (13/48)
Scrolls
 b - 3 scrolls of recharging
 g - a scroll of immolation
 h - 8 scrolls of remove curse
 k - 3 scrolls of fog
 s - 2 scrolls of fear
 u - a scroll of magic mapping
Potions
 j - a potion of invisibility {unknown}
 p - 2 potions of brilliance
 q - a potion of magic
 t - 3 potions of flight
 w - 2 potions of cure mutation
 H - a potion of agility
Books
 x - a book of Cantrips

   Spells                             Type                      Level
   a - Corona                         Hexes                        1
   b - Animate Skeleton               Necromancy                   1
   c - Summon Small Mammal            Summoning                    1
   d - Apportation                    Translocation                1
 z - a book of Battle

   Spells                             Type                      Level
   a - Infusion                       Charms                       1
   b - Shroud of Golubria             Charms/Translocation         2
   c - Song of Slaying                Charms                       2
   d - Spectral Weapon                Hexes/Charms                 3
   e - Regeneration                   Charms/Necromancy            3
 I - a Young Poisoner's Handbook

   Spells                             Type                      Level
   a - Sting                          Conjuration/Poison           1
   b - Cure Poison                    Poison                       2
   c - Mephitic Cloud                 Conjuration/Poison/Air       3
   d - Olgreb's Toxic Radiance        Poison                       4
   e - Venom Bolt                     Conjuration/Poison           5
Comestibles
 a - a bread ration
 d - 4 fruits
 K - a meat ration
 P - a beef jerky


   Skills:
 - Level 3.0 Fighting
 + Level 5.1 Dodging
 - Level 2.6 Stealth
 + Level 11.2 Shields
 - Level 11.4 Unarmed Combat
 * Level 5.8 Invocations


You had 8 spell levels left.
You knew the following spells:

 Your Spells              Type           Power        Failure   Level  Hunger
a - Song of Slaying       Chrm           #.......     69%         2    ###....


Dungeon Overview and Level Annotations

Branches:
Dungeon (10/15)            Temple (0/1) D:7            Lair (0/8) D:8
    Orc (0/2) D:9

Altars:
Ashenzari
Cheibriados
Dithmenos
Gozag
Makhleb
Nemelex Xobeh
Okawaru
Qazlal
Sif Muna
Trog
Vehumet
Zin

Shops:
D:4 *

Annotations:
D:5 Pikaro's ghost, novice DEWn
D:10 Grum; Josephine


Innate Abilities, Weirdness & Mutations

You cannot wear most types of armour.
You are amphibious.
You can wear up to eight rings at the same time.
You can use your tentacles to constrict eight enemies at once.
Your skin changes colour to match your surroundings (Stealth).
Your rubbery body absorbs attacks (AC +1).


Message History

The wolf howls!
The wolf looks frightened!
You hear a howl!
You hear an angry growl.
Josephine begs for mercy.
Drink which item? (? for menu, Esc to quit)
You feel very mighty all of a sudden. You block the wraith's attack.
You bludgeon the wraith! Your squeeze misses the wraith.
The wraith is moderately damaged.
Cornered, the wolf turns to fight!
The wraith hits you!
* * * LOW HITPOINT WARNING * * *
You bludgeon the wraith! You squeeze the wraith.
The wraith is severely damaged.
You block the wraith's attack. x2
Read which item? (? for menu, Esc to quit)
Okay, then.
You fail to use your ability.
You block the wraith's attack. x2
You fail to use your ability.
You block the wolf's attack. The wolf closely misses you. The wraith hits you!
You die...

.........#......# #...
....######......##############...
....#...............#...#.....###
###'#...............'...#.....#..
....................#...'.....#..
....................#...#.....#..
....................#...#.....#..
...............Wh...#...#<....#..
...............W@...#...#.....#..
..............).....#####.....#.#
.....#'###########'###.....####.#
.....'.....#.........#.....#.....
.....#.....'.........#.....#.....
.....#.....#.........'.....#.....
.....#....####.####..#.....######
.....#....####.####..##.#........
.....#....W.......#.....#........


You could see 2 wraiths and a wolf.

Vanquished Creatures
  Snorg (D:10)
  2 hill giants (D:10)
  A fire drake (D:8)
  A troll (D:9)
  A two-headed ogre (D:9)
  Prince Ribbit (D:5)
  A wyvern (D:10)
  4 yaks (D:9)
  A hippogriff (D:10)
  A hungry ghost (D:8)
  Menkaure (D:5)
  2 orc warriors
  2 ice beasts
  7 sky beasts
  A black bear (D:10)
  3 ogres
  5 centaurs
  A big kobold (D:7)
  3 elf zombies (Ossuary)
  5 giant frogs
  2 scorpions
  10 killer bees (D:9)
  A wight (D:6)
  2 crimson imps
  A quasit (D:8)
  5 centaur zombies (Ossuary)
  4 human zombies (Ossuary)
  3 giant frog skeletons
  4 hounds
  2 jellies
  5 orc priests
  4 orc wizards
  Jessica (D:3)
  An iguana (D:5)
  9 worker ants
  A killer bee zombie (D:10)
  A hound skeleton (D:10)
  3 mummies (Ossuary)
  3 worker ant zombies
  4 gnolls (D:9)
  18 adders
  7 river rats (Sewer)
  3 shadow imps
  An adder skeleton (D:4)
  5 giant geckos
  43 orcs
  9 giant cockroaches
  6 goblins
  2 hobgoblins (D:1)
  14 jackals
  A quokka (D:10)
  12 ball pythons
  6 bats
  9 giant newts
  A jackal skeleton (D:4)
  9 kobolds
  A quokka skeleton (D:4)
  2 quokka zombies
  26 rats
285 creatures vanquished.

Notes
Turn   | Place    | Note
--------------------------------------------------------------
     0 | D:1      | M4edhros the Octopode Monk began the quest for the Orb.
     0 | D:1      | Reached XP level 1. HP: 16/16 MP: 1/1
   489 | D:1      | Reached skill level 1 in Shields
   489 | D:1      | Reached XP level 2. HP: 14/21 MP: 2/2
  1319 | D:2      | Found a shattered altar of Ashenzari.
  1433 | D:2      | Reached XP level 3. HP: 19/26 MP: 3/3
  1469 | D:2      | Found an opulent altar of Gozag.
  1470 | D:2      | Found a sparkling altar of Nemelex Xobeh.
  1972 | D:3      | Found an iron altar of Okawaru.
  2034 | D:3      | Found a glowing drain.
  2066 | D:3      | Reached XP level 4. HP: 26/31 MP: 4/4
  2082 | Sewer    | Entered a sewer
  2112 | Sewer    | Reached skill level 5 in Unarmed Combat
  2486 | Sewer    | Reached XP level 5. HP: 23/36 MP: 5/5
  3241 | Sewer    | Reached XP level 6. HP: 38/42 MP: 6/6
  3269 | Sewer    | Reached skill level 6 in Unarmed Combat
  3440 | D:3      | Noticed Jessica
  3449 | D:3      | Killed Jessica
  3482 | D:3      | Reached XP level 7. HP: 46/46 MP: 7/7
  3780 | D:4      | Found Zin's Purification Station.
  3780 | D:4      | Found a glowing silver altar of Zin.
  3836 | D:4      | Became a worshipper of Zin the Law-Giver
  3836 | D:4      | Reached * piety under Zin
  3836 | D:4      | Reached ** piety under Zin
  3847 | D:4      | Found a sand-covered staircase.
  3871 | Ossuary  | Entered an ossuary
  3899 | Ossuary  | Reached skill level 5 in Shields
  3944 | Ossuary  | Reached skill level 7 in Unarmed Combat
  3987 | Ossuary  | Reached XP level 8. HP: 29/52 MP: 6/8
  4095 | D:4      | Found a shadowy altar of Dithmenos.
  4508 | D:4      | Reached skill level 8 in Unarmed Combat
  4691 | D:4      | Reached *** piety under Zin
  4940 | D:5      | Entered Level 5 of the Dungeon
  5030 | D:5      | Noticed Pikaro's ghost (novice DEWn)
  5411 | D:5      | Noticed Menkaure
  5420 | D:5      | Killed Menkaure
  6003 | D:5      | Noticed Prince Ribbit
  6013 | D:5      | Killed Prince Ribbit
  6013 | D:5      | Reached skill level 9 in Unarmed Combat
  6013 | D:5      | Reached XP level 9. HP: 46/56 MP: 9/9
  6715 | D:6      | Found a snail-covered altar of Cheibriados.
  6725 | D:6      | Found a bloodstained altar of Trog.
  7029 | D:6      | Reached **** piety under Zin
  7306 | D:6      | Reached skill level 10 in Unarmed Combat
  7506 | D:7      | Found a staircase to the Ecumenical Temple.
  7716 | D:7      | Learned a level 2 spell: Song of Slaying
  7982 | D:7      | Found a deep blue altar of Sif Muna.
  8492 | D:8      | Reached XP level 10. HP: 31/63 MP: 10/10
  8702 | D:8      | Found a stormy altar of Qazlal.
  8825 | D:8      | Found a staircase to the Lair.
  8972 | D:8      | Found a burning altar of Makhleb.
  8975 | D:8      | Found a radiant altar of Vehumet.
  9036 | D:9      | Reached skill level 10 in Shields
  9040 | D:9      | Reached skill level 11 in Unarmed Combat
  9269 | D:9      | Found a staircase to the Orcish Mines.
  9348 | D:9      | Reached ***** piety under Zin
  9364 | D:9      | Found a burning altar of Makhleb.
  9522 | D:9      | Reached skill level 1 in Invocations
 10087 | D:10     | Entered Level 10 of the Dungeon
 10173 | D:10     | Noticed a hill giant
 10184 | D:10     | Killed a hill giant
 10211 | D:10     | Reached XP level 11. HP: 44/67 MP: 12/14
 10483 | D:10     | Noticed Josephine
 10620 | D:10     | Noticed Snorg
 10683 | D:10     | Noticed Grum
 10940 | D:10     | Noticed a hill giant
 10978 | D:10     | Killed a hill giant
 10978 | D:10     | Reached skill level 5 in Invocations
 11069 | D:10     | Killed Snorg
 11069 | D:10     | Reached skill level 5 in Dodging
 11395 | D:10     | Mangled by a wraith

Vault maps used:
D:1:      minmay_arrival_widening_spiral_wide
D:2:      grunt_temple_overflow_opulence, nicolae_ashenzari_panopticon,
          roderic_roman_lattice
D:3:      lemuel_crystal_altar, portal_sewer_entry_f, uniq_jessica
D:4:      forest_paths, zin_purify, nicolae_dithmenos_through_a_glass_darkly,
          nicolae_ossuary_entry_monument, first_bread
D:5:      uniq_menkaure, uniq_prince_ribbit1
D:6:      kennysheep_spiral_hall, grunt_temple_overflow_open
D:7:      lemuel_coloured_pillars_altar, minmay_temple_entry_statues_pillars
D:8:      grunt_temple_overflow_lords_of_destruction, old_standard_altar,
          minmay_lair_entry_lava
D:9:      orc_david_3, basic_altar
D:10:     uniq_snorg, uniq_josephine, uniq_grum
Sewer:    sewer_minmay_w
Ossuary:  ossuary_minmay_four_chambers

Action                   |  1- 3 |  4- 6 |  7- 9 | 10-12 || total
-------------------------+-------+-------+-------+-------++-------
Melee: Unarmed           |    69 |   132 |   323 |   210 ||   734
       Flail             |       |       |    21 |       ||    21
 Fire: Hunting sling     |       |     9 |     7 |       ||    16
       Blowgun           |       |       |       |    16 ||    16
Invok: Recite            |       |       |    11 |     7 ||    18
       Vitalisation      |       |       |     5 |     9 ||    14
Evoke: Wand              |       |       |     3 |       ||     3
  Use: Potion            |       |     5 |    16 |     7 ||    28
       Scroll            |       |       |    10 |    15 ||    25
 Stab: Sleeping          |    13 |     4 |    18 |     6 ||    41
       Distracted        |       |       |     1 |       ||     1
       Confused          |       |       |     6 |       ||     6
       Invisible         |       |       |     1 |     2 ||     3
  Eat: Chunk             |     1 |     6 |     6 |     2 ||    15
       Beef jerky        |     1 |       |       |     1 ||     2
       Bread ration      |       |       |     2 |       ||     2
       Meat ration       |       |       |     1 |     1 ||     2
       Royal jelly       |       |       |       |     1 ||     1
